 Dungeon Crawl Stone Soup version 0.30-b1-5-g8e6c1be481 (webtiles) character file.

Game seed: 3931587519885988551

67 Mysteryquy the Chopper (level 3, -1/33 HPs)
             Began as a Minotaur Berserker on May 4, 2023.
             Was a Believer of Trog.
             Slain by an adder (2 damage)
             ... on level 2 of the Dungeon.
             The game lasted 00:03:39 (816 turns).

Mysteryquy the Chopper (Minotaur Berserker)          Turns: 816, Time: 00:03:40

Health: -1/33      AC:  2    Str: 23    XL:     3   Next: 98%
Magic:  2/2        EV: 12    Int:  4    God:    Trog [**....]
Gold:   53         SH:  0    Dex:  9    Spells: 2/2 levels left

rFire   . . .        a - +0 hand axe
rCold   . . .        (no shield)
rNeg    . . .        b - +0 animal skin
rPois   .            (helmet restricted)
rElec   .            (no cloak)
rCorr   .            (no gloves)
SInv    .            (no boots)
Will    .....        (no amulet)
Stlth   +            (no ring)
HPRegen 0.25/turn    (no ring)
MPRegen 0.08/turn

%: no passive effects
@: lethally poisoned (-1 -> -7)
A: horns 2, retaliatory headbutt
a: Renounce Religion, Berserk, Trog's Hand


You were on level 2 of the Dungeon.
You worshipped Trog.
Trog was pleased with you.
You visited 1 branch of the dungeon, and saw 2 of its levels.

You collected 53 gold pieces.

Inventory:

Hand Weapons
 a - a +0 hand axe (weapon)
Armour
 b - a +0 animal skin (worn)
Scrolls
 c - a scroll of teleportation {unknown}
 d - a scroll of brand weapon {unknown}


   Skills:
 + Level 4.3 Fighting
 + Level 4.8 Axes
 + Level 2.9 Armour
 + Level 2.6 Dodging


You had 2 spell levels left.
You didn't know any spells.
Your spell library was empty.

Dungeon Overview and Level Annotations

Branches:
Dungeon (2/15)

Altars:
Uskayaw

Annotations:
D:1 2 transporters


Innate Abilities, Weirdness & Mutations

You have a pair of horns on your head.
You reflexively headbutt those who attack you in melee.


Message History

You are too injured to fight recklessly!
You are too injured to fight recklessly!
You barely miss the jackal.
A jackal comes into view.
The jackal bites you. The jackal barely misses you.
You barely miss the jackal. You headbutt the jackal.
The jackal is severely wounded.
The jackal closely misses you. You furiously retaliate!
You headbutt the jackal.
You kill the jackal!
Trog accepts your kill. The adder attacks as you move away!
The adder barely misses you. The jackal bites you.
The jackal barely misses you.
You see here an adder corpse.
The adder attacks as you move away! The adder barely misses you.
The adder closely misses you.
You are too injured to fight recklessly!
You are too injured to fight recklessly!
You miss the adder. You hit the jackal.
You kill the jackal!
Trog accepts your kill. The adder bites you.
You are poisoned.
The adder poisons you!
You hit the adder but do no damage.
You feel sick. The adder closely misses you.
You hit the adder but do no damage. Your headbutt misses the adder.
You feel sick. The adder bites you.
* * * LOW HITPOINT WARNING * * *
The adder bites you.
* * * LOW HITPOINT WARNING * * *
You are lethally poisoned!
The adder poisons you!
Unknown command.
You hit the adder.
The adder is heavily wounded.
* * * LOW HITPOINT WARNING * * *
You feel sick. The adder bites you.
You die...

....8.......# ............#
## ............## ## ...
........:....# .# #...
.....?.......## .### .....
.$......†.....###...##.....
.?...............##.#.....
..####........##.##.†.#.#.#
.## ##........#@S...!....#
. #.............##..### .
#......8..#...# #
#........###..# ........#.
..... ....... ####### ....
....


You could see an adder.

Vanquished Creatures
  2 adders (D:2)
  A worm (D:2)
  2 dart slugs (D:1)
  3 ball pythons
  An endoplasm (D:1)
  3 giant cockroaches (D:1)
  2 goblins
  5 hobgoblins (D:1)
  7 jackals (D:2)
  6 bats (D:1)
  3 frilled lizards
  3 kobolds
  2 rats (D:1)
40 creatures vanquished.

Notes
Turn   | Place    | Note
-------+----------+-------------------------------------------
     0 | D:1      | Mysteryquy the Minotaur Berserker began the quest for the
                  | Orb.
     0 | D:1      | Reached XP level 1. HP: 19/19 MP: 0/0
    38 | D:1      | Reached XP level 2. HP: 9/27 MP: 1/1
   142 | D:1      | Found a hide-covered altar of Uskayaw.
   549 | D:1      | Reached XP level 3. HP: 28/31 MP: 2/2
   671 | D:2      | Reached ** piety under Trog
   816 | D:2      | HP: 1/33 [poisoned by an adder]
   816 | D:2      | Slain by an adder

Illustrated notes

Levels and vault maps discovered:
D:1:      spicycebolla_arrival_transporter_tutorial, layout_rooms,
          minmay_hexomino_r4
D:2:      layout_rooms, kennysheep_decorative_pillar, uniq_crazy_yiuf_cottage

Skill      XL: |  1  2 |
---------------+-------+-----
Fighting       | 4 |  4.3
Axes           | 4 |  4.8
Armour         | |  2.9
Dodging        | |  2.6

Action                     || total
---------------------------++-------
  Melee: Hand axe          ||    89
         Headbutt          ||    14
 Armour: Animal skin       ||    22
  Dodge: Dodged            ||    71
